 Dungeon Crawl Stone Soup version 0.31-a0-662-g684573625c (webtiles) character file.

Game seed: 1069713916304903712

187 AdnanSaban the Trooper (level 5, -9/33 HPs)
             Began as a Gargoyle Fighter on Sept 1, 2023.
             Killed from afar by Ijyb (11 damage)
             ... with a bolt of light
             ... on level 3 of the Dungeon.
             The game lasted 00:01:59 (2507 turns).

AdnanSaban the Trooper (Gargoyle Fighter)           Turns: 2507, Time: 00:01:59

Health: -9/33      AC: 12    Str: 21    XL:     5   Next: 66%
Magic:  5/5        EV:  9    Int:  9    God:
Gold:   157        SH:  0    Dex:  9    Spells: 4/4 levels left

rFire   . . .        p - +0 flail (drain)
rCold   . . .        c - +0 buckler
rNeg    + . .        b - +0 scale mail
rPois   ∞            (no helmet)
rElec   +            (no cloak)
rCorr   .            a - +0 pair of gloves
SInv    .            (no boots)
Will    .....        (no amulet) Stlth
                     (no ring)
HPRegen 0.25/turn    (no ring)
MPRegen 0.09/turn

%: no passive effects
@: confused
A: sickness immunity, AC +4, negative energy resistance 1, electricity
resistance, torment resistance 1, petrification resistance
a: no special abilities


You were on level 3 of the Dungeon.
You visited 1 branch of the dungeon, and saw 3 of its levels.

You collected 157 gold pieces.

Inventory:

Hand Weapons
 p - a +0 flail of draining (weapon)
Missiles
 g - 18 poisoned darts
Armour
 a - a +0 pair of gloves (worn)
 b - a +0 scale mail (worn)
 c - a +0 buckler (worn)
Scrolls
 f - a scroll of summoning {unknown}
 h - 3 scrolls of fog {unknown}
 i - 3 scrolls of revelation {unknown}
 k - 3 scrolls of teleportation {unknown}
 l - a scroll of fear {unknown}
 o - 3 scrolls of brand weapon {unknown}
 q - 2 scrolls of identify {unknown}
 s - a scroll of amnesia {unknown}
Potions
 d - a potion of might
 e - 2 potions of brilliance {unknown}
 j - 2 potions of magic {unknown}
 m - 2 potions of haste {unknown}
 n - a potion of curing {unknown}
 r - 2 potions of degeneration {unknown}
 t - a potion of resistance {unknown}


   Skills:
 + Level 4.2 Fighting
 + Level 3.3 Maces & Flails
 + Level 4.0 Armour
 + Level 1.6 Dodging
 + Level 0.5 Stealth
 + Level 3.9 Shields


You had 4 spell levels left.
You didn't know any spells.
Your spell library contained the following spells:

 Spells                   Type           Power      Damage    Failure   Level
 Ignite Poison            Fire/Tmut/Pois 0%         N/A       98%         3
 Sticky Flame             Conj/Fire      0%         2d3       100%        4
 Ignition                 Fire           0%         3d3       100%        8


Dungeon Overview and Level Annotations

Branches:
Dungeon (3/15)

Altars:

Annotations:
D:3 Ijyb


Innate Abilities, Weirdness & Mutations

You are immune to sickness and miasma.
Your stone body is resilient. (AC +4)
You are immune to poison.
You resist negative energy. (rN+)
You are resistant to electric shocks. (rElec)
You are resistant to unholy torment.
You are immune to petrification.


Message History

You are too confused!
You are too confused!
You are too confused!
You are too confused!
You are too confused!
You are too confused!
You are too confused!
You are too confused!
You are too confused!
You are too confused!
Ijyb barely misses you.
You feel less confused. Ijyb attacks as she pursues you!
You block Ijyb's attack.
You closely miss Ijyb.
Ijyb is moderately wounded.
Ijyb hits you but does no damage.
You hit Ijyb.
Ijyb is moderately wounded.
Ijyb zaps a wand.
The bolt of light hits you!
* * * LOW HITPOINT WARNING * * *
Ijyb hits you but does no damage.
You barely miss Ijyb.
Ijyb is moderately wounded.
Ijyb misses you.
You barely miss Ijyb.
Ijyb is moderately wounded.
Ijyb zaps a wand.
The bolt of light misses you.
You barely miss Ijyb.
Ijyb is moderately wounded.
Ijyb hits you but does no damage. x2
You hit Ijyb.
Ijyb is heavily wounded.
Ijyb zaps a wand.
The bolt of light hits you!
You are confused.
* * * LOW HITPOINT WARNING * * *
You closely miss Ijyb.
Ijyb is heavily wounded.
Ijyb zaps a wand.
The bolt of light hits you!
You are more confused.
You die...

##########
#...'..... ≈
#...'..... ≈ #...#
####≈
#@g.##########...≈
#...)........#...≈
#.....(......#...≈
##'##)....##'##..≈
#...#.)...#...#..≈
#...#))...#...#..≈
#...#.†...#.).#..≈
##'##.....##'##..≈
#. #.....#...)..≈


You could see Ijyb (very drained).

Vanquished Creatures
  A gnoll bouda (D:2)
  4 gnolls
  3 adders
  3 worms
  3 dart slugs (D:1)
  5 orcs (D:3)
  5 ball pythons
  2 bats (D:2)
  3 endoplasms
  3 giant cockroaches
  12 goblins
  5 hobgoblins
  8 jackals
  3 quokkas
  6 frilled lizards
  2 kobolds
  3 rats (D:2)
71 creatures vanquished.

Notes
Turn   | Place    | Note
-------+----------+-------------------------------------------
     0 | D:1      | AdnanSaban the Gargoyle Fighter began the quest for the
                  | Orb.
     0 | D:1      | Reached XP level 1. HP: 14/14 MP: 1/1
    93 | D:1      | Reached XP level 2. HP: 19/19 MP: 2/2
   451 | D:1      | Reached XP level 3. HP: 24/24 MP: 3/3
  1227 | D:2      | Reached XP level 4. HP: 28/29 MP: 4/4
  1817 | D:2      | Reached skill level 1 in Dodging
  1839 | D:2      | Reached XP level 5. HP: 32/33 MP: 5/5
  2491 | D:3      | Noticed Ijyb
  2507 | D:3      | Killed from afar by Ijyb

Illustrated notes

Levels and vault maps discovered:
D:1:      dpeg_arrival_arbitrary_a, layout_basic, serial_aquarium,
          aquarium_bridge_island_small [aquarium_subvault_small_water,
          aquarium_subvault_bridge, aquarium_subvault_wall,
          aquarium_subvault_window, aquarium_subvault_wall],
          aquarium_window_corridor_1, aquarium_window_1, aquarium_view_2b,
          aquarium_balcony_1b, aquarium_pool_corner
D:2:      layout_loops_ring, st_stairs_3, minmay_fountain_box,
          minmay_misc_feat_square, minmay_misc_feat_more_columns,
          minmay_misc_feat_rows
D:3:      kennysheep_goblin_castle, layout_loops_ring

Skill      XL: |  1  2  3  4 |
---------------+-------------+-----
Fighting       | 4 |  4.2
Dodging        | 1 |  1.6
Maces & Flails | 3 |  3.3
Armour         | 4 |  4.0
Stealth        | |  0.5
Shields        | |  3.9

Action                     |  1- 3 |  4- 6 || total
---------------------------+-------+-------++-------
  Melee: Flail             |   107 |   122 ||   229
 Armour: Scale mail        |    76 |   103 ||   179
  Dodge: Dodged            |    57 |    63 ||   120
  Block: Buckler           |    25 |    29 ||    54

Table legend: (Time is in decaauts)
 A = Elapsed time spent in this place.
 B = Non-inter-level travel time spent in this place.
 C = Inter-level travel time spent in this place.
 D = Time resting spent in this place.
 E = Time spent auto-exploring this place.
 F = Levels seen in this place.
 G = Mean time per level.
                   A        B        C        D        E       F      G
               +--------+--------+--------+--------+--------+-----+--------+
         Total |   2576 |   2479 |     97 |     67 |   1886 |   3 |  858.7 |
       Dungeon |   2576 |   2479 |     97 |     67 |   1886 |   3 |  858.7 |
               +--------+--------+--------+--------+--------+-----+--------+

Top non-repeatable levels by time:
     D:1: 1048 daAuts
     D:2: 833 daAuts
     D:3: 694 daAuts
